AoeStats
← RIO1000

Arabia

506533280Analyzed
2v2 RM · 19d ago on Sep 13, 2026· 33m 43s· 4 players
Game mode
Random Map
Map size
Medium (4 player)
Population
200
Speed
Normal
Resources
Standard
Victory
Conquest
Starting age
Dark Age
Ending age
Imperial Age
RankedLock teamsTeams togetherTeam positionsShared explorationLock speedFull tech treeHidden civsTurbo modeCheats
Victory
Defeat
🇧🇷 Magyars · Brazil
1076
+16
🇦🇷 Bulgarians · Argentina
1056
+17
🇲🇽 Shu · Mexico
1099
-18
🇲🇽 Magyars · Mexico
1038
-15
PTAR2 | Cesar556
9:29 Feudal Age
9:46 Loom
11:44 Double-Bit Axe
15:58 Horse Collar
23:25 Castle Age
21:44 Gold Mining
23:18 Scale Barding Armor
24:08 Wheelbarrow
24:33 Bow Saw
27:12 Hand Cart
27:42 Chain Barding Armor
31:14 Town Watch
33:30 Fletching
Angry Wolves
6:00 Loom
8:53 Feudal Age
10:36 Double-Bit Axe
18:08 Horse Collar
21:46 Castle Age
21:43 Fletching
22:06 Bloodlines
22:38 Bodkin Arrow
23:00 Bow Saw
23:26 Husbandry
24:26 Pikeman
26:18 Thumb Ring
29:09 Padded Archer Armor
29:49 Ballistics
RIO1000
7:39 Loom
9:47 Feudal Age
10:18 Double-Bit Axe
15:06 Horse Collar
21:09 Castle Age
20:40 Gold Mining
21:59 Bloodlines
22:16 Bow Saw
23:32 Husbandry
30:42 Scale Mail Armor
30:51 Scale Barding Armor
DA Fantasmic 11
6:07 Loom
9:34 Feudal Age
10:28 Double-Bit Axe
16:45 Fletching
22:18 Castle Age
22:35 Padded Archer Armor
23:25 Bodkin Arrow
23:32 Crossbowman
28:40 Bow Saw
31:33 Ballistics
32:09 Wheelbarrow
31:19 Town Watch
32:40 Leather Archer Armor
32:40 Gold Mining
32:37 Horse Collar
33:07 Thumb Ring
Connection lost

Rejoining the realm…

Still unreachable

The connection could not be restored.

Session expired

The server has moved on; the page needs a fresh start.